AoeStats
← bathi90dn

African Clearing

504356977Analyzed
4v4 RM · 27d ago on Sep 5, 2026· 39m 3s· 8 players
Game mode
Random Map
Map size
Large (8 player)
Population
200
Speed
Normal
Resources
Standard
Victory
Conquest
Starting age
Dark Age
Ending age
Imperial Age
RankedLock teamsTeams togetherTeam positionsShared explorationLock speedFull tech treeHidden civsTurbo modeCheats
Victory
Defeat
🇻🇳 Huns · Vietnam
1625
+8
🇨🇳 Celts · China
1518
+12
🇺🇸 Wei · United States
1505
+12
🇺🇸 Koreans · United States
1443
+15
🇲🇽 Magyars · Mexico
1503
-15
🇬🇹 Huns · Guatemala
1434
-12
🇦🇷 Mongols · Argentina
1393
-10
🇹🇷 Bulgarians · Türkiye
1384
-10
Drachken
9:14 Loom
13:17 Feudal Age
16:20 Double-Bit Axe
16:16 Horse Collar
22:45 Fletching
26:24 Castle Age
25:46 Scale Mail Armor
26:51 Crossbowman
27:31 Bodkin Arrow
33:47 Bow Saw
34:00 Gold Mining
34:52 Stone Mining
35:42 Gold Shaft Mining
37:38 Stone Shaft Mining
39:01 Ballistics
Phoenix Oath
5:35 Loom
11:36 Feudal Age
12:08 Double-Bit Axe
12:30 Horse Collar
19:31 Scale Barding Armor
21:00 Bloodlines
24:30 Fletching
bathi90dn
4:05 Loom
14:29 Feudal Age
15:05 Double-Bit Axe
17:57 Castle Age
16:47 Fletching
17:15 Gold Mining
19:07 Wheelbarrow
18:47 Bodkin Arrow
21:38 Bow Saw
25:03 Bloodlines
24:56 Husbandry
26:05 Horse Collar
27:18 Ballistics
28:52 Padded Archer Armor
32:01 Leather Archer Armor
37:41 Imperial Age
37:07 Heavy Plow
37:44 Heavy Cavalry Archer
38:28 Bracer
40:19 Chemistry
海的盒子
6:37 Loom
23:11 Feudal Age
24:16 Double-Bit Axe
27:10 Castle Age
25:16 Horse Collar
26:32 Gold Mining
28:39 Wheelbarrow
28:14 Bow Saw
29:20 Bow Saw
30:45 Heavy Plow
33:39 Fletching
36:55 Scale Mail Armor
38:12 Bodkin Arrow
39:32 Hand Cart
Redwood MC9
3:59 Loom
13:42 Feudal Age
14:39 Double-Bit Axe
21:38 Castle Age
19:48 Gold Mining
20:27 Scale Barding Armor
23:52 Husbandry
23:56 Light Cavalry
26:12 Bloodlines
26:41 Town Watch
34:18 Wheelbarrow
RevolveR
10:45 Loom
19:41 Feudal Age
MinorCloud9519
6:54 Loom
13:29 Feudal Age
19:24 Double-Bit Axe
20:33 Fletching
21:23 Horse Collar
22:03 Scale Mail Armor
23:10 Arson
32:52 Castle Age
32:46 Stone Mining
33:02 Town Watch
33:54 Wheelbarrow
34:01 Bow Saw
33:57 Heavy Plow
35:20 Bodkin Arrow
Itachi_+_+
4:00 Loom
13:11 Feudal Age
16:58 Fletching
25:52 Castle Age
25:34 Horse Collar
25:41 Double-Bit Axe
26:31 Bodkin Arrow
27:10 Husbandry
29:05 Ballistics
36:02 Padded Archer Armor
36:30 Squires
Connection lost

Rejoining the realm…

Still unreachable

The connection could not be restored.

Session expired

The server has moved on; the page needs a fresh start.